 Dungeon Crawl Stone Soup version 0.32-a0-705-g60f233581c (webtiles) character file.

Game seed: 15485519324914594458

86 cforsyth the Firebug (level 4, 0/40 HPs)
             Began as a Mountain Dwarf Cinder Acolyte on Mar 14, 2024.
             Was a High Priest of Ignis.
             Slain by a gnoll
             ... wielding a +0 flail
              (1 damage)
             ... on level 2 of the Dungeon.
             The game lasted 00:02:44 (1613 turns).

cforsyth the Firebug (MDCA)                         Turns: 1613, Time: 00:02:44

Health: 0/40       AC:  2    Str: 15    XL:     4   Next: 27%
Magic:  4/6        EV: 10    Int: 21    God:    Ignis [*****.]
Gold:   37         SH:  0    Dex:  4    Spells: 4/6 levels left

rFire   + . .        a - -1 hand axe (flame)
rCold   . . .        (no shield)
rNeg    . . .        b - +0 robe
rPois   .            (no helmet)
rElec   .            (no cloak)
rCorr   .            (no gloves)
SInv    .            (no boots)
Will    .....        (no amulet)
Stlth   +            (no ring)
HPRegen 0.26/turn    (no ring)
MPRegen 0.10/turn

%: clarity
@: no status effects
A: runic magic, artefact enchanting, clarity, clever 1, no potion heal 1
a: Renounce Religion, Fiery Armour, Foxfire Swarm, Rising Flame


You were on level 2 of the Dungeon.
You worshipped Ignis.
Ignis was extremely pleased with you.
You visited 1 branch of the dungeon, and saw 2 of its levels.

You collected 37 gold pieces.


Innate Abilities, Weirdness & Mutations

Your spellcasting is much less encumbered by armour.
You can use scrolls of enchantment on lesser artefacts.
You possess an exceptional clarity of mind.
Your mind is acute. (Int +4, Str/Dex -1)
Potions are less effective at restoring your health.


   Skills:
 + Level 3.9 Fighting
 + Level 4.2 Axes
 + Level 1.7 Armour
 + Level 1.7 Spellcasting
 + Level 4.2 Fire Magic


You had 4 spell levels left.
You knew the following spells:

 Your Spells              Type           Power      Damage    Failure   Level
X - Scorch                Fire           38%        2d6       4%          2

Your spell library contained the following spells:

 Spells                   Type           Power      Damage    Failure   Level
 Brom's Barrelling Bould  Conj/Erth      1%         2d3       83%         4
 Irradiate                Conj/Alch      0%         3d11      99%         5
 Maxwell's Capacitive Co  Air            0%         ∞         100%        8

Inventory:

Hand Weapons
 a - a -1 hand axe of flaming (weapon)
Armour
 b - a +0 robe (worn)
Magical Staves
 g - a staff of fire {!a}
Scrolls
 d - a scroll of poison {unknown}
 i - a scroll of brand weapon {unknown}
 j - a scroll of enchant weapon

Dungeon Overview and Level Annotations

Branches:
Dungeon (2/15)

Altars:

.[#.....#### #...#
#...###....# #.#.# #.##
####.## #.#.## ..##
#..####....# ...##
##...###.#.#
....#########.......##
###........)).<##....###
##.#########.gg###...#
#.# ###@#####.# #.#
#....##.# #.#
####.##.##### #.#
#........# ..#
#........# ..#
#......<.# ###
##########


You could see 2 gnolls.


Message History

The gnoll attacks as it pursues you! The gnoll hits you with a +0 club!
* * * LOW HITPOINT WARNING * * *
Unknown command.
Unknown command.
Unknown command.
Things that are here:
a +0 halberd; a gnoll skeleton Unknown command.
It was a potion of might.
You feel very mighty all of a sudden.
The gnoll is no longer more vulnerable to fire.
The gnoll barely misses you.
It was a potion of cancellation.
Your magical effects are unravelling.
You feel magically purged.
You feel a little less mighty now.
It was a potion of mutation.
You feel extremely strange.
You feel clever.
Your system partially rejects the healing effects of potions.
Your thoughts seem clearer.
The gnoll closely misses you. The gnoll hits you with a +0 club.
* * * LOW HITPOINT WARNING * * *
Unknown command.
Unknown command.
As you read the scroll labelled QIWUIK WEORAAX, it crumbles to dust.
It is a scroll of identify.
j - a scroll of enchant weapon The gnoll hits you with a +0 flail.
You die...
Ignis goes out, and joins you in death.

Skill      XL: |  1  2  3 |
---------------+----------+-----
Armour         | 1 |  1.7
Fire Magic     | 4 |  4.2
Axes           | 4 |  4.2
Fighting       | |  3.9
Spellcasting   | |  1.7

Action                     |  1- 3 |  4- 6 || total
---------------------------+-------+-------++-------
  Melee: Hand axe          |    70 |     5 ||    75
   Cast: Scorch            |    14 |     8 ||    22
    Use: Potion            |       |     3 ||     3
         Scroll            |       |     1 ||     1
 Armour: Robe              |    63 |     8 ||    71
  Dodge: Dodged            |    42 |     9 ||    51

Levels and vault maps discovered:
D:1:      lightli_arrival_lavapool, layout_rooms,
          shapermc_ecumenical_altar_petra, chequers_serial_rivers_small_3
D:2:      layout_rooms

Notes
Turn   | Place    | Note
-------+----------+-------------------------------------------
     0 | D:1      | cforsyth the Mountain Dwarf Cinder Acolyte began the quest
                  | for the Orb.
     0 | D:1      | Reached XP level 1. HP: 19/19 MP: 2/2
   101 | D:1      | Got the Incunabulum of the Missiles and the Storm
   179 | D:1      | Reached XP level 2. HP: 16/26 MP: 3/3
   308 | D:1      | Learned a level 2 spell: Scorch
   398 | D:1      | Reached skill level 1 in Armour
   494 | D:1      | Reached XP level 3. HP: 31/31 MP: 5/5
   501 | D:1      | Found a faded altar of an unknown god.
   527 | D:1      | Reached skill level 4 in Fire Magic
   532 | D:1      | Reached skill level 4 in Axes
  1242 | D:2      | Reached XP level 4. HP: 40/40 MP: 1/6
  1608 | D:2      | HP: 2/40 [gnoll/+0 club (9)]
  1612 | D:2      | Gained mutation: Your mind is acute. (Int +4, Str/Dex -1)
                  | [potion of mutation]
  1612 | D:2      | Gained mutation: Potions are less effective at restoring
                  | your health. [potion of mutation]
  1612 | D:2      | Gained mutation: You possess an exceptional clarity of
                  | mind. [potion of mutation]
  1613 | D:2      | Slain by a gnoll

Vanquished Creatures
  4 gnolls
  2 dart slugs (D:1)
  3 endoplasms (D:1)
  3 giant cockroaches
  3 goblins
  5 hobgoblins
  2 jackals (D:1)
  7 ball pythons (D:1)
  2 bats (D:1)
  A frilled lizard (D:2)
  5 kobolds (D:1)
  6 rats
43 creatures vanquished.

Table legend: (Time is in decaauts)
 A = Elapsed time spent in this place.
 B = Non-inter-level travel time spent in this place.
 C = Inter-level travel time spent in this place.
 D = Time resting spent in this place.
 E = Time spent auto-exploring this place.
 F = Levels seen in this place.
 G = Mean time per level.
                   A        B        C        D        E       F      G
               +--------+--------+--------+--------+--------+-----+--------+
         Total |   1629 |   1600 |     29 |    310 |    994 |   2 |  814.5 |
       Dungeon |   1629 |   1600 |     29 |    310 |    994 |   2 |  814.5 |
               +--------+--------+--------+--------+--------+-----+--------+

Top non-repeatable levels by time:
     D:1: 1278 daAuts
     D:2: 350 daAuts

Table legend:
 A = Non-vault XP
 B = Vault XP
 C = Vault XP percentage of total XP
 D = Non-vault monster count
 E = Vault monster count
 F = Vault count percentage of total count
                 A         B        C        D         E       F
            +---------+---------+-------+---------+---------+-------
      Total |     124 |       0 |   0.0 |      43 |       0 |   0.0
            +---------+---------+-------+---------+---------+-------
        D:1 |      82 |       0 |   0.0 |      34 |       0 |   0.0
        D:2 |      42 |       0 |   0.0 |       9 |       0 |   0.0
            +---------+---------+-------+---------+---------+-------
